 Dungeon Crawl Stone Soup version 0.20-a0-296-gf222164 (webtiles) character file.

37337 Derfel the Unseen (level 13, 0/70 HPs)
             Began as a Spriggan Enchanter on Dec 14, 2016.
             Was a High Priest of Ashenzari.
             Killed from afar by a catoblepas (7 damage)
             ... with a blast of calcifying dust
             ... on level 4 of the Lair of Beasts.
             The game lasted 01:38:31 (22077 turns).

Derfel the Unseen (Spriggan Enchanter)             Turns: 22077, Time: 01:38:32

Health: 0/70       AC:  5    Str:  4    XL:     13   Next: 57%
Magic:  23/27      EV: 27    Int: 24    God:    Ashenzari [*****.]
Gold:   780        SH:  7    Dex: 18    Spells: 11/31 levels left

rFire  + . .     SeeInvis +     b - +9 short sword "Xusah" {pierce, rElec Int+4} (curse)
rCold  + . .     Gourm    .     D - +2 robe {rC+} (curse)
rNeg   . . .     Faith    .     y - +2 buckler (curse)
rPois  .         Spirit   .     (helmet restricted)
rElec  +         Reflect  .     B - +0 cloak
rCorr  +         Harm     .     (gloves unavailable)
MR     ++...     Clarity  +     (boots unavailable)
Stlth  +++++++...               (no amulet)
                                u - ring of protection from fire
                                o - ring of resist corrosion

@: singing, very quick
A: unfitting armour, see invisible, herbivore 3, speed 3, slow metabolism 2
a: Curse Item, Scrying, Transfer Knowledge, Renounce Religion, Stop Singing


You were on level 4 of the Lair of Beasts.
You worshipped Ashenzari.
Ashenzari was extremely pleased with you.
You were not hungry.

You visited 3 branches of the dungeon, and saw 16 of its levels.
You also visited: Labyrinth and Sewer.

You collected 976 gold pieces.
You spent 196 gold pieces at shops.

Inventory:

Hand Weapons
 b - the cursed +9 short sword "Xusah" (weapon) {pierce, rElec Int+4}
   (You found it on level 5 of the Dungeon)

   It inflicts extra damage upon your enemies.
   It affects your intelligence (+4).
   It insulates you from electricity.
   It has a curse placed upon it.
Missiles
 e - 691 stones (quivered)
Armour
 y - a cursed +2 buckler (worn)
 B - a +0 cloak (worn)
 D - a cursed +2 robe of cold resistance (worn)
Jewellery
 o - a ring of resist corrosion (left hand)
 u - a ring of protection from fire (right hand)
 X - an uncursed ring of positive energy
Wands
 k - a wand of flame (15/48)
 n - a wand of flame (16/48)
 t - a wand of enslavement (8/24)
 A - a wand of digging (20/24)
 E - a wand of lightning (10/15)
 K - a wand of lightning (9/15)
 V - a wand of enslavement (10/24)
Scrolls
 i - 4 scrolls of remove curse {@r2}
 x - 5 scrolls of teleportation
 C - 2 scrolls of amnesia
 J - a scroll of brand weapon
 U - a scroll of immolation
 Z - a scroll of silence
Potions
 f - a potion of mutation {unknown}
 h - a potion of magic {unknown}
 j - a potion of berserk rage
 l - 3 potions of flight
 m - 7 potions of heal wounds
 p - 4 potions of curing {@q1}
 q - a potion of degeneration {unknown}
 r - a potion of agility
 s - a potion of ambrosia {unknown}
 v - a potion of lignification {unknown}
 w - 2 potions of might {unknown}
 z - a potion of invisibility
 F - a potion of haste {unknown}
 G - 3 potions of brilliance {unknown}
Books
 a - a book of Battle

   Spells                             Type                      Level
   a - Infusion                       Charms                       1
   b - Shroud of Golubria             Charms/Translocation         2
   c - Song of Slaying                Charms                       2
   d - Spectral Weapon                Hexes/Charms                 3
   e - Regeneration                   Charms/Necromancy            3
 c - a book of Maledictions

   Spells                             Type                      Level
   a - Corona                         Hexes                        1
   b - Ensorcelled Hibernation        Hexes/Ice                    2
   c - Confuse                        Hexes                        3
   d - Tukima's Dance                 Hexes                        3
   e - Dazzling Spray                 Conjuration/Hexes            3
 g - a book of Air

   Spells                             Type                      Level
   a - Shock                          Conjuration/Air              1
   b - Swiftness                      Charms/Air                   2
   c - Repel Missiles                 Charms/Air                   2
   d - Static Discharge               Conjuration/Air              3
   e - Lightning Bolt                 Conjuration/Air              5
 L - Eqifryu's Catalogue of Scorching Talismans
   (You found it in a labyrinth)

   Spells                             Type                      Level
   a - Flame Tongue                   Conjuration/Fire             1
   b - Song of Slaying                Charms                       2
   c - Ozocubu's Armour               Charms/Ice                   3
   d - Ignite Poison                  Fire/Transmutation/Poison    3
   e - Iskenderun's Battlesphere      Conjuration/Charms           5
   f - Bolt of Fire                   Conjuration/Fire             6
 M - a book of the Earth

   Spells                             Type                      Level
   a - Leda's Liquefaction            Hexes/Earth                  4
   b - Bolt of Magma                  Conjuration/Fire/Earth       5
   c - Statue Form                    Transmutation/Earth          6
   d - Iron Shot                      Conjuration/Earth            6
   e - Shatter                        Earth                        9
 N - a book of Air

   Spells                             Type                      Level
   a - Shock                          Conjuration/Air              1
   b - Swiftness                      Charms/Air                   2
   c - Repel Missiles                 Charms/Air                   2
   d - Static Discharge               Conjuration/Air              3
   e - Lightning Bolt                 Conjuration/Air              5
 O - a book of Conjurations

   Spells                             Type                      Level
   a - Magic Dart                     Conjuration                  1
   b - Searing Ray                    Conjuration                  2
   c - Dazzling Spray                 Conjuration/Hexes            3
   d - Fulminant Prism                Conjuration/Hexes            4
   e - Iskenderun's Mystic Blast      Conjuration                  4
   f - Iskenderun's Battlesphere      Conjuration/Charms           5
 P - the Collected Works on Dislocation
   (You found it in a labyrinth)

   Spells                             Type                      Level
   a - Shroud of Golubria             Charms/Translocation         2
   b - Gell's Gravitas                Hexes/Translocation          3
   c - Recall                         Summoning/Translocation      3
   d - Disjunction                    Translocation                8
 Q - a book of Flames

   Spells                             Type                      Level
   a - Flame Tongue                   Conjuration/Fire             1
   b - Throw Flame                    Conjuration/Fire             2
   c - Conjure Flame                  Conjuration/Fire             3
   d - Inner Flame                    Hexes/Fire                   3
   e - Sticky Flame                   Conjuration/Fire             4
   f - Fireball                       Conjuration/Fire             5
 Y - a book of Alchemy

   Spells                             Type                      Level
   a - Sublimation of Blood           Necromancy                   2
   b - Ignite Poison                  Fire/Transmutation/Poison    3
   c - Petrify                        Transmutation/Earth          4
   d - Alistair's Intoxication        Transmutation/Poison         5
   e - Irradiate                      Conjuration/Transmutation    5
Comestibles
 d - 8 bread rations
 I - 10 royal jellies


   Skills:
 + Level 9.6 Fighting
 - Level 9.2(13.1) Short Blades
 + Level 11.5 Dodging
 + Level 17.1 Stealth
 + Level 9.5 Spellcasting
 - Level 10.5 Hexes
 - Level 10.1 Charms


You had 11 spell levels left.
You knew the following spells:

 Your Spells              Type           Power        Failure   Level  Hunger
a - Shroud of Golubria    Chrm/Tloc      #####.....   1%          2    None
b - Ensorcelled Hibernat  Hex/Ice        #####.       1%          2    None
c - Confuse               Hex            ######..     1%          3    None
d - Tukima's Dance        Hex            ######..     1%          3    None
e - Dazzling Spray        Conj/Hex       #####.       3%          3    None
f - Spectral Weapon       Hex/Chrm       ######..     1%          3    None
g - Song of Slaying       Chrm           ######..     1%          2    None
h - Repel Missiles        Chrm/Air       #####.       1%          2    None


Dungeon Overview and Level Annotations

Branches:
Dungeon (10/15)            Temple (1/1) D:5            Lair (5/6) D:10
 Shoals (0/4) Lair:2        Snake (0/4) Lair:2        Slime (0/5) Lair:5
    Orc: D:9-12

Altars:
Ashenzari
Cheibriados
Dithmenos
Elyvilon
Fedhas
Gozag
Hepliaklqana
Kikubaaqudgha
Makhleb
Nemelex Xobeh
Okawaru
Qazlal
Ru
Sif Muna
Trog
Uskayaw
Vehumet
Xom
Yredelemnul
Zin
The Shining One
Jiyva

Shops:
D:6 (   D:9 [   D:10 (![[

Annotations:
Lair:5 Kirke


Innate Abilities, Weirdness & Mutations

You are very small and have problems with some larger weapons.
You are too small for most types of armour.
You have supernaturally acute eyesight. (SInv)
You are a herbivore.
You cover ground extremely quickly.
You need consume almost no food.


Message History

Your limbs are stiffening.
You have turned to stone.
The catoblepas barely misses your spectral weapon.
The catoblepas misses your spectral weapon.
The catoblepas gores your spectral weapon.
The catoblepas breathes a plume of calcifying dust at you.
The blast of calcifying dust hits you!
You are engulfed in calcifying dust.
The catoblepas barely misses you.
You are engulfed in calcifying dust.
The catoblepas gores you!
You are engulfed in calcifying dust.
The catoblepas gores you!!
* * * LOW HITPOINT WARNING * * *
You turn to flesh and can move again.
The catoblepas barely misses your spectral weapon.
Your magical contamination has completely faded away.
The catoblepas breathes a plume of calcifying dust at you.
The blast of calcifying dust hits you!
* * * LOW HITPOINT WARNING * * *
The catoblepas breathes a plume of calcifying dust at you.
The blast of calcifying dust hits you!
You die...

..###.....####..............#....
..# #...### #.......Y......##...
.## ##..# #.....§§.......##... .#
#..# #....§........####.. ## ####
##P.§.§.....### #..# #
##§.§......## #..# #...§######.#
##.. ##.(§## ### ##.. ##P.@##
#... #....# ##.. ###..## #...
##...## #.#. #.#..# ###.
#######..## #.. #.#.#(...### ##.
##.........# #. #..#####..## ##


You could see a friendly spectral short sword "Xusah" {pierce, rElec Int+4}.

Vanquished Creatures
  A minotaur (Lab)
  Josephine (D:10)
  5 hydras
  5 two-headed ogres
  A queen ant (D:9)
  Nergalle (Lair:2)
  Joseph (D:10)
  5 elephants
  A black mamba (Lair:2)
  A centaur zombie (D:8)
  Psyche (D:8)
  4 spiny frogs
  4 komodo dragons
  A troll (D:9)
  The ghost of regis the Skirmisher, an amateur DsCK of Xom (D:4)
  The ghost of regis the Skirmisher, an amateur DsCK of Xom (D:3)
  Prince Ribbit (D:5)
  4 blink frogs (Lair:1)
  6 hippogriffs
  2 redbacks (Lab)
  A shadow (Lab)
  41 yaks
  4 wraiths (D:10)
  2 wyverns
  3 hogs (Lair:5)
  3 basilisks
  A steam dragon (D:7)
  2 hungry ghosts (Lab)
  3 nagas (Lair:2)
  18 soldier ants (D:9)
  12 water moccasins
  12 porcupines
  7 orc warriors
  7 ice beasts
  3 phantoms
  A necrophage (D:5)
  7 ogres
  5 centaurs
  9 crocodiles
  Blork the orc (D:5)
  A big kobold (Sewer)
  12 bullfrogs
  4 scorpions
  2 killer bees (D:9)
  3 wights (D:6)
  7 crimson imps
  2 quasits
  A bullfrog zombie (D:7)
  4 hounds
  5 jellies
  10 orc priests
  Crazy Yiuf (D:5)
  A gnoll shaman (D:8)
  A centaur skeleton (D:10)
  3 iguanas
  12 orc wizards
  33 worker ants
  A hound skeleton (D:9)
  A howler monkey zombie (D:6)
  2 worker ant zombies
  4 gnolls (D:3)
  9 adders
  A river rat (Sewer)
  3 shadow imps
  9 oozes
  2 adder zombies
  3 adder skeletons
  5 worms
  A dart slug (D:1)
  2 leopard geckos (D:3)
  53 orcs
  5 bats
  3 giant cockroaches
  7 goblins
  5 hobgoblins
  8 jackals
  9 kobolds
  6 quokkas
  2 frilled lizards (D:1)
  A giant cockroach zombie (D:6)
  2 jackal skeletons
  A jackal zombie (D:8)
  A quokka skeleton (D:4)
  9 rats
  A spectral orc (D:5)
447 creatures vanquished.

Vanquished Creatures (collateral kills)
  A two-headed ogre (D:9)
  A hog (Lair:5)
  An ogre (D:7)
  7 orcs
10 creatures vanquished.

Vanquished Creatures (others)
  2 dancing weapons (D:9)
  3 fungi (Lair:5)
  3 plants
  A spectral weapon (Lair:5)
9 creatures vanquished.

Grand Total: 466 creatures vanquished

Notes
Turn   | Place    | Note
-------+----------+-------------------------------------------
     0 | D:1      | Derfel the Spriggan Enchanter began the quest for the Orb.
     0 | D:1      | Reached XP level 1. HP: 9/9 MP: 5/5
   400 | D:1      | Reached XP level 2. HP: 13/13 MP: 7/7
   404 | D:1      | Learned a level 2 spell: Ensorcelled Hibernation
   948 | D:1      | Reached skill level 5 in Stealth
  1412 | D:2      | Reached XP level 3. HP: 16/16 MP: 5/8
  1701 | D:2      | Noticed a hand axe
  1701 | D:2      | Noticed a dagger
  1707 | D:2      | Found a hide-covered altar of Uskayaw.
  1823 | D:2      | Learned a level 3 spell: Confuse
  2131 | D:3      | Reached XP level 4. HP: 21/21 MP: 5/10
  2277 | D:3      | Found a hazy altar of Hepliaklqana.
  2522 | D:3      | Found an iron altar of Okawaru.
  2560 | D:3      | Found a glowing drain.
  2833 | Sewer    | Entered a sewer
  2852 | Sewer    | Reached skill level 1 in Fighting
  3065 | Sewer    | Noticed a big kobold
  3245 | Sewer    | Reached XP level 5. HP: 25/25 MP: 5/12
  3284 | Sewer    | Reached skill level 6 in Stealth
  3284 | Sewer    | Reached skill level 5 in Hexes
  3289 | Sewer    | Learned a level 3 spell: Tukima's Dance
  3366 | Sewer    | Found a glowing silver altar of Zin.
  3458 | D:3      | Noticed regis's ghost (amateur DsCK)
  3530 | D:3      | Killed regis's ghost
  3530 | D:3      | Reached skill level 7 in Stealth
  3530 | D:3      | Reached skill level 5 in Spellcasting
  3530 | D:3      | Reached XP level 6. HP: 29/30 MP: 3/14
  4001 | D:3      | Noticed an ice beast
  4021 | D:3      | Killed an ice beast
  4021 | D:3      | Reached XP level 7. HP: 35/35 MP: 14/16
  4225 | D:4      | Noticed regis's ghost (amateur DsCK)
  4758 | D:4      | Killed regis's ghost
  5657 | D:4      | Reached skill level 8 in Stealth
  5657 | D:4      | Reached XP level 8. HP: 39/39 MP: 7/19
  6409 | D:5      | Entered Level 5 of the Dungeon
  6409 | D:5      | Noticed Blork the orc
  6413 | D:5      | Found a staircase to the Ecumenical Temple.
  6420 | D:5      | Killed Blork the orc
  6456 | Temple   | Entered the Ecumenical Temple
  6512 | Temple   | Became a worshipper of Ashenzari the Shackled
  6740 | D:5      | Got the short sword "Xusah" {pierce, rElec Int+4}
  6743 | D:5      | Identified the +9 short sword "Xusah" {pierce, rElec Int+4} (You found it on level 5 of the Dungeon)
  6816 | D:5      | Found a basalt altar of Yredelemnul.
  6952 | D:5      | Found a stormy altar of Qazlal.
  6971 | D:5      | Found a runed door.
  6994 | D:5      | Found a blossoming altar of Fedhas.
  7156 | D:5      | Reached skill level 9 in Stealth
  7375 | D:5      | Noticed Prince Ribbit
  7398 | D:5      | Killed Prince Ribbit
  7398 | D:5      | Reached XP level 9. HP: 38/45 MP: 8/22
  7921 | D:5      | Noticed Crazy Yiuf
  7925 | D:5      | Killed Crazy Yiuf
  7930 | D:5      | Learned a level 3 spell: Dazzling Spray
  8100 | D:6      | Reached skill level 10 in Stealth
  8217 | D:6      | Identified the cursed +0 war axe of Serih {chop, rF+ MP+9}
  8243 | D:6      | Reached * piety under Ashenzari
  8244 | D:6      | Found Bahidoz's Weapon Shoppe.
  8575 | D:7      | Found a sparkling altar of Nemelex Xobeh.
  8599 | D:7      | Reached skill level 5 in Fighting
  8599 | D:7      | Reached skill level 5 in Dodging
  8628 | D:7      | Reached skill level 11 in Stealth
  8797 | D:7      | Reached skill level 5 in Short Blades
  9286 | D:8      | Found a shadowy altar of Dithmenos.
  9337 | D:8      | Noticed Psyche
  9341 | D:8      | Killed Psyche
  9341 | D:8      | Reached XP level 10. HP: 51/51 MP: 23/23
  9690 | D:8      | Noticed a two-headed ogre
  9693 | D:8      | Killed a two-headed ogre
  9699 | D:8      | Reached skill level 12 in Stealth
  9995 | D:8      | Found a burning altar of Makhleb.
 10487 | D:9      | Noticed a two-headed ogre
 10509 | D:8      | Killed a two-headed ogre
 10865 | D:9      | Noticed a two-headed ogre
 10914 | D:9      | Killed a two-headed ogre
 10983 | D:9      | Noticed a two-headed ogre
 10991 | D:9      | Killed a two-headed ogre
 10991 | D:9      | Reached skill level 13 in Stealth
 10991 | D:9      | Reached XP level 11. HP: 53/58 MP: 6/24
 11134 | D:9      | Noticed a queen ant
 11161 | D:9      | Killed a queen ant
 11371 | D:9      | Noticed a two-headed ogre
 11408 | D:9      | Reached skill level 10 in Dodging
 11921 | D:9      | Noticed a two-headed ogre
 11931 | D:9      | Killed a two-headed ogre
 11968 | D:9      | Reached ** piety under Ashenzari
 12012 | D:9      | Found a deep blue altar of Sif Muna.
 12198 | D:9      | Killed a two-headed ogre
 12198 | D:9      | Reached skill level 14 in Stealth
 12352 | D:9      | Found Yhifyipn's Armour Shoppe.
 12369 | D:9      | Found a glowing silver altar of Zin.
 12372 | D:9      | Found an opulent altar of Gozag.
 13486 | D:10     | Entered Level 10 of the Dungeon
 13505 | D:10     | Found a staircase to the Lair.
 13561 | D:10     | Learned a level 2 spell: Shroud of Golubria
 13589 | D:10     | Learned a level 3 spell: Spectral Weapon
 13592 | D:10     | Learned a level 2 spell: Song of Slaying
 13734 | D:10     | Found Cuen's Antique Weapon Shop.
 13849 | D:10     | Reached XP level 12. HP: 33/64 MP: 8/25
 14180 | D:10     | Reached skill level 1 in Charms
 14186 | D:10     | Noticed Joseph
 14193 | D:10     | Killed Joseph
 14253 | D:10     | Found Jugunkar's Armour Shop.
 14556 | D:10     | Noticed Josephine
 14796 | D:10     | Found Kubithoy's Distillery.
 14810 | D:10     | Bought a potion of heal wounds for 70 gold pieces
 14810 | D:10     | Bought a potion of heal wounds for 70 gold pieces
 14810 | D:10     | Bought a potion of agility for 56 gold pieces
 15093 | D:10     | Killed Josephine
 15093 | D:10     | Reached skill level 15 in Stealth
 15171 | D:10     | Found Cuesuymp's Antique Armour Boutique.
 15180 | D:10     | Reached *** piety under Ashenzari
 15299 | Lair:1   | Entered Level 1 of the Lair of Beasts
 15343 | Lair:1   | Found a labyrinth entrance.
 15350 | Lab      | Entered a labyrinth
 15410 | Lab      | Reached skill level 5 in Charms
 15742 | Lab      | Noticed a minotaur
 15770 | Lab      | Killed a minotaur
 15775 | Lab      | Identified Eqifryu's Catalogue of Scorching Talismans
 15775 | Lab      | Identified the Collected Works on Dislocation
 16918 | Lair:2   | Found a staircase to the Snake Pit.
 16973 | Lair:2   | Reached **** piety under Ashenzari
 17044 | Lair:2   | Noticed a seven-headed hydra
 17053 | Lair:2   | Killed a seven-headed hydra
 17124 | Lair:2   | Found a staircase to the Shoals.
 17274 | Lair:2   | Noticed Nergalle
 17279 | Lair:2   | Killed Nergalle
 17279 | Lair:2   | Reached skill level 16 in Stealth
 17279 | Lair:2   | Reached skill level 10 in Hexes
 17609 | Lair:3   | Noticed a four-headed hydra
 17610 | Lair:3   | Killed a four-headed hydra
 17712 | Lair:3   | Reached XP level 13. HP: 70/70 MP: 21/26
 18996 | Lair:4   | Reached skill level 10 in Charms
 19045 | Lair:4   | Reached ***** piety under Ashenzari
 20115 | Lair:5   | Found a viscous altar of Jiyva.
 20125 | Lair:5   | Found a staircase to the Slime Pits.
 20262 | Lair:5   | Noticed Kirke
 21072 | Lair:5   | Learned a level 2 spell: Repel Missiles
 21451 | Lair:5   | Reached skill level 17 in Stealth
 22077 | Lair:4   | Killed from afar by a catoblepas

Vault maps used:
D:1:      erik_arrival_cave_to_civilisation
D:2:      dancing_weapons_uskayaw
D:3:      overflow_temple_1_default, lemuel_crystal_altar, portal_sewer_entry_d
D:4:      first_bread
D:5:      grunt_temple_overflow_forces_of_nature,
          yredelemnul_forgotten_temple_becter, uniq_prince_ribbit1,
          uniq_blork_the_orc, uniq_crazy_yiuf_cottage
D:6:      serial_shops, shop
D:7:      basic_altar, patterned_corridor
D:8:      nicolae_dithmenos_through_a_glass_darkly, makhleb_grotto_becter,
          hangedman_little_slice_of_home, uniq_psyche
D:9:      grunt_temple_overflow_gold_and_silver, tgw_sif, serial_shops, shop,
          hex_tiny, zaba_anthell
D:10:     david_lair_generic, serial_shops,
          nicolae_shop_temple_entry_statues_fountains, shop, shop,
          nicolae_shop_overgrown_old_shop, uniq_josephine, uniq_joseph
Temple:   cyrus_temple_forest
Lair:1:   lab_entry_generic
Lair:2:   shoals_dummy_entry, minmay_snake_entry_guardpost_small, uniq_nergalle
Lair:3:   minivault_23
Lair:4:   grunt_megastairs_3
Lair:5:   slime_altar_1, uniq_kirke
Lab:      labyrinth_watery, labyrinth_glass_1, nicolae_lab_arrow,
          nicolae_lab_lava, nicolae_lab_quarters, nicolae_lab_t_cross,
          labyrinth_skeletal_remains, lab_hedge
Sewer:    sewer_kobolds

Skill      XL: |  1  2  3  4  5  6  7  8  9 10 11 12 13 |
---------------+----------------------------------------+-----
Spellcasting   | 3 4 5 6 8 9 |  9.5
Stealth        | 5 7 8 9 11 13 14 16 17 | 17.1
Hexes          | 4 5 7 8 10 | 10.5
Fighting       | 1 2 4 5 6 8 9 |  9.6
Short Blades   | 2 5 7 9 |  9.2
Dodging        | 6 9 10 11 | 11.5
Charms         | 9 10 | 10.1

Action                   |  1- 3 |  4- 6 |  7- 9 | 10-12 | 13-15 || total
-------------------------+-------+-------+-------+-------+-------++-------
Melee: Dagger            |   129 |   110 |   138 |       |       ||   377
       Short sword       |       |       |   112 |   527 |   153 ||   792
       Unarmed           |       |       |       |       |     1 ||     1
Throw: Stone             |     1 |    24 |     1 |     3 |     6 ||    35
 Cast: Corona            |     7 |     1 |       |       |       ||     8
       Ensorcelled Hiber |    16 |    34 |    77 |   165 |    69 ||   361
       Confuse           |       |     7 |    19 |    27 |    13 ||    66
       Tukima's Dance    |       |       |    12 |    12 |       ||    24
       Shroud of Golubri |       |       |       |     5 |     9 ||    14
       Song of Slaying   |       |       |       |     5 |     3 ||     8
       Spectral Weapon   |       |       |       |     6 |     6 ||    12
Invok: Curse Item        |       |       |     2 |     2 |       ||     4
  Use: Scroll            |     1 |       |     6 |     7 |     8 ||    22
       Potion            |       |       |       |     3 |     2 ||     5
 Stab: Sleeping          |    17 |    22 |    63 |   129 |    42 ||   273
       Confused          |       |     5 |    13 |     9 |     3 ||    30
       Distracted        |       |       |     1 |     3 |     1 ||     5
       Petrified         |       |       |       |       |     1 ||     1
  Eat: Bread ration      |       |     1 |     1 |       |       ||     2
       Pizza             |       |       |       |     2 |     2 ||     4
       Fruit             |       |       |       |     3 |       ||     3
Armor: Robe              |    13 |     7 |    21 |    19 |     9 ||    69
Dodge: Dodged            |   110 |    53 |   122 |   295 |   181 ||   761
Block: Buckler           |    27 |    13 |    28 |   103 |    70 ||   241
